Map: Abyssal Reef LE

Players

Duke

  • Race: Terran Terran
  • Spawn Location: 11:00

Savoy - Winner!

  • Race: Protoss Protoss
  • League: Gold
  • Spawn Location: 5:00

VOD

Have the link to the VOD?

Description

Time

  • Played on: Aug. 21, 2017, 1:37 p.m.
  • Length: 14:47
Show
View Real Time Build Order
Export as new Build Order

Duke Terran 

Build Orders:  

Get SALT Encoding   

  12  0:01  SCV  
  13  0:16  Supply Depot  
  13  0:23  SCV  
  14  0:35  SCV  
  15  0:41  Barracks  
  15  0:47  SCV  
  16  0:50  Refinery  
  16  0:55  Refinery  
  16  0:59  SCV  
  17  1:11  SCV  
  18  1:23  SCV  
  19  1:35  SCV, Barracks Tech Lab  
  20  1:47  SCV  
  21  1:59  SCV  
  21  2:01  Barracks  
  22  2:08  Factory  
  22  2:12  SCV  
  23  2:33  Supply Depot  
  23  2:48  Barracks Reactor  
  23  2:55  SCV, Marauder  
  23  2:56  Hellion, Supply Depot  
  28  3:07  SCV  
  29  3:16  Marauder  
  29  3:18  Hellion  
  33  3:38  Marauder  
  35  3:44  Command Center  
  35  3:49  Cyclone  
  38  3:55  Supply Depot  
  38  4:13  Marauder  
  37  4:20  Supply Depot  
  30  5:06  SCV  
  31  5:12  Marauder  
  33  5:18  SCV  
  33  5:19  Marine x2  
  36  5:28  Cyclone  
  39  5:30  SCV  
  39  5:33  Marauder  
  42  5:36  Marine  
  42  5:37  Marine  
  45  5:42  SCV  
  45  5:54  SCV, Supply Depot, Marine x2  
  45  5:55  Marauder  
  50  6:00  Combat Shields, Cyclone  
  53  6:12  Marine x2  
  53  6:16  Marauder  
  57  6:37  Marauder  
  59  6:57  Supply Depot  
  59  7:07  Marauder  
  61  7:08  Marine  
  61  7:09  Marine  
  63  7:20  Stimpack  
  63  7:21  Armory  
  63  7:26  Marine x2  
  63  7:29  Marauder  
  54  7:44  Marine x2  
  54  7:50  Marauder  
  53  8:01  Factory Tech Lab  
  53  8:02  Marine x2  
  55  8:11  Marauder  
  57  8:20  Marine x2  
  57  8:21  Refinery  
  57  8:24  Refinery  
  59  8:33  Marauder  
  61  8:34  Engineering Bay  
  61  8:37  Thor  
  61  8:38  Marine x2  
  69  8:54  Marauder  
  71  8:55  Marine  
  71  8:56  Marine  
  73  9:13  Marine x2  
  73  9:14  Terran Infantry Weapons Level 1  
  73  9:15  Marauder  
  77  9:19  Thor  
  77  9:21  Concussive Shells  
  83  9:31  Marine x2  
  85  9:49  Marine  
  85  9:51  Supply Depot  
  86  10:12  Thor  
  86  10:13  Marauder, Supply Depot  
  94  10:30  Marine  
  94  10:34  Marauder  
  70  10:55  Marauder  
  72  11:08  Terran Infantry Armor Level 1  
  72  11:09  Marine x2  
  74  11:12  Thor  
  74  11:17  Marauder  
  82  11:27  Marine x2  
  79  11:38  Marauder  
  79  11:44  Marine x2  
  81  11:54  Thor  
  81  12:00  Marauder  
  87  12:02  Marine x2  
  83  12:21  Marauder  
  79  12:37  Thor  
  85  12:48  Marauder  
  87  12:51  Marine x2  
  89  13:09  Marauder, Marine x2  
  90  13:20  Thor  
  90  13:27  Marine  
  82  13:30  Marauder  
  84  13:52  Marauder  
  57  14:13  Marauder  
  59  14:42  Command Center  
Show
View Real Time Build Order
Export as new Build Order

Savoy Protoss - Winner!

Build Orders:  

Get SALT Encoding   

  12  0:02  Probe (Chrono Boost)  
  13  0:12  Probe (Chrono Boost)  
  14  0:22  Pylon  
  14  0:23  Probe (Chrono Boost)  
  15  0:41  Gateway  
  15  0:50  Pylon  
  15  0:53  Assimilator  
  15  0:58  Assimilator  
  15  1:01  Probe (Chrono Boost)  
  16  1:16  Gateway  
  16  1:20  Probe (Chrono Boost)  
  17  1:31  Zealot, Probe (Chrono Boost)  
  20  1:46  Pylon  
  20  1:49  Probe (Chrono Boost)  
  21  1:54  Forge  
  21  2:00  Probe (Chrono Boost)  
  22  2:06  Pylon  
  22  2:12  Probe (Chrono Boost)  
  23  2:24  Probe (Chrono Boost)  
  23  2:28  Zealot  
  26  2:37  Photon Cannon  
  26  2:41  Probe (Chrono Boost)  
  27  2:50  Photon Cannon  
  27  2:55  Probe (Chrono Boost)  
  29  3:05  Probe (Chrono Boost)  
  29  3:17  Pylon  
  29  3:40  Photon Cannon  
  29  3:42  Photon Cannon  
  29  3:47  Photon Cannon  
  29  3:50  Photon Cannon  
  29  3:56  Pylon  
  29  4:02  Zealot x2  
  33  4:21  Photon Cannon  
  33  4:50  Nexus  
  32  4:54  Assimilator  
  32  4:57  Assimilator  
  32  5:02  Pylon  
  32  5:03  Cybernetics Core  
  32  5:08  Pylon  
  32  5:23  Pylon  
  32  5:24  Zealot  
  32  5:26  Zealot  
  36  5:39  Pylon  
  36  5:47  Photon Cannon  
  36  6:06  Probe (Chrono Boost)  
  36  6:10  Probe (Chrono Boost)  
  38  6:17  Probe (Chrono Boost)  
  39  6:21  Probe (Chrono Boost)  
  40  6:27  Probe (Chrono Boost)  
  40  6:29  Nexus  
  40  6:31  Probe (Chrono Boost)  
  42  6:34  Warp Gate  
  43  6:40  Probe (Chrono Boost)  
  43  6:42  Probe (Chrono Boost)  
  44  6:50  Assimilator, Probe (Chrono Boost)  
  44  6:52  Probe (Chrono Boost)  
  46  6:57  Assimilator  
  46  7:02  Probe (Chrono Boost)  
  46  7:07  Probe (Chrono Boost)  
  48  7:13  Probe (Chrono Boost)  
  49  7:18  Probe (Chrono Boost)  
  50  7:23  Probe (Chrono Boost)  
  50  7:28  Probe (Chrono Boost)  
  51  7:32  Stalker x2  
  51  7:34  Probe (Chrono Boost)  
  50  7:57  Gateway  
  50  7:59  Pylon  
  50  8:03  Probe (Chrono Boost)  
  50  8:04  Gateway  
  51  8:13  Probe (Chrono Boost)  
  51  8:19  Protoss Ground Weapons Level 1  
  52  8:20  Nexus  
  52  8:22  Mothership Core (Chrono Boost)  
  52  8:23  Pylon  
  52  8:24  Probe (Chrono Boost)  
  55  8:35  Probe (Chrono Boost)  
  56  8:44  Pylon  
  56  8:45  Probe (Chrono Boost)  
  57  8:55  Stargate  
  57  8:56  Probe (Chrono Boost)  
  57  8:57  Stargate  
  57  8:59  Stargate  
  57  9:00  Stargate  
  57  9:02  Stargate  
  58  9:04  Pylon  
  58  9:33  Probe (Chrono Boost)  
  58  9:37  Photon Cannon  
  59  9:39  Photon Cannon  
  59  9:40  Photon Cannon  
  59  9:41  Photon Cannon  
  59  9:42  Protoss Air Weapons Level 1  
  59  9:43  Probe (Chrono Boost), Pylon  
  60  9:52  Stalker x2  
  64  9:53  Stalker  
  64  9:54  Probe (Chrono Boost)  
  64  9:56  Stalker  
  69  10:04  Probe (Chrono Boost)  
  70  10:15  Probe (Chrono Boost)  
  70  10:17  Protoss Shields Level 1  
  71  10:25  Probe (Chrono Boost)  
  72  10:29  Fleet Beacon  
  72  10:32  Stargate  
  72  10:44  Void Ray (Chrono Boost)  
  72  10:47  Void Ray x2 (Chrono Boost)  
  72  10:48  Void Ray x2 (Chrono Boost)  
  71  10:56  Photon Cannon  
  71  10:58  Photon Cannon  
  71  11:00  Photon Cannon  
  71  11:05  Mothership Core  
  71  11:06  Pylon  
  66  11:27  Void Ray (Chrono Boost)  
  64  12:16  Void Ray (Chrono Boost)  
  64  12:18  Void Ray (Chrono Boost)  
  64  12:21  Void Ray (Chrono Boost)  
  64  12:23  Carrier (Chrono Boost)  
  68  12:37  Void Ray (Chrono Boost)  
  40  14:17  Nexus  
Tags
 
League
Gold
Matchup
PvT
Spawn Locations
Cross Positions
Add a new tag
Caveats
  • Supply blocks, unpowered buildings, or Contaminate may cause inaccurate times.
  • Supply counts are checked every 10 seconds.